[Event "Sunday 21 January Rapid Engine Tour 12+1 Rounds 9 Starts 1600 ST"]
[Site "Infinity Chess"]
[Date "2018.1.21"]
[Round "1"]
[White "Deep_Impact"]
[Black "ocirema"]
[Result "1/2-1/2"]
[ECO "A07"]
[WhiteElo "2521"]
[BlackElo "2450"]
[WhiteEngine "BrainFish_180113_x64_modern"]
[BlackEngine "stockfish_18011309_x64_modern_CTG"]
[EventType "Swiss"]
[WhiteTeam ""]
[BlackTeam ""]
[PlyCount "79"]
[TimeControl "720+1"]

1. Nf3 d5 2. g3 Nf6 3. Bg2 c5 4. O-O e6 5. d3 Nc6 6. Nbd2 Be7 7. e4 O-O 
8. Re1 Qc7 9. c3 dxe4 10. Nxe4 Nxe4 11. dxe4 Rd8 12. Qe2 b6 13. e5 Bb7 
14. Bf4 Na5 15. Nd2 Bxg2 16. Kxg2 c4 17. Kg1 Rac8 18. Ne4 Rd3 19. Rad1 Rcd8 
20. Nf6+ Kh8 21. Ne4 Kg8 22. Nd6 Qd7 23. b4 Nb7 24. Rxd3 cxd3 25. Qxd3 g5 
26. Be3 Nxd6 27. exd6 Qxd6 28. Qa6 Qc7 29. a3 Qxc3 30. Rc1 Qb3 31. Qxa7 Rd1+ 
32. Rxd1 Qxd1+ 33. Kg2 Qd5+ 34. Kg1 g4 35. Qxe7 Qd1+ 36. Kg2 Qf3+ 37. Kf1 Qd1+ 
38. Kg2 Qd5+ 39. Kf1 Qd1+ 40. Kg2 1/2-1/2

[Event "Sunday 28 January 2nd Tiur 7+2 Rounds 9 Starts 2200 ST"]
[Site "Infinity Chess"]
[Date "2018.1.29"]
[Round "9"]
[White "MCDermont"]
[Black "IronMan"]
[Result "1/2-1/2"]
[ECO "B00"]
[WhiteElo "2510"]
[BlackElo "2460"]
[WhiteEngine "BrainFish 060118_CTG"]
[BlackEngine "Eman 1.67a 64-bit BMI2"]
[EventType "Swiss"]
[WhiteTeam ""]
[BlackTeam ""]
[PlyCount "110"]
[TimeControl "420+2"]

1. e4 Nc6 2. Nc3 e5 3. g3 Bc5 4. Na4 d6 5. d3 f5 6. Nxc5 dxc5 7. Qh5+ g6 
8. Qe2 Nd4 9. Qd1 Nf6 10. Bg2 Qd6 11. Nf3 fxe4 12. Nxd4 cxd4 13. dxe4 Be6 
14. O-O O-O 15. Bh6 Rf7 16. h3 Nh5 17. b3 b5 18. Qd3 Rb8 19. f4 exf4 20. e5 Qxe5 
21. Rae1 Qd6 22. g4 Ng7 23. Re4 Rbf8 24. Qxd4 f3 25. Qxd6 cxd6 26. Bh1 Bd5 
27. Re3 Rc8 28. Rf2 b4 29. Rd3 Rc5 30. Be3 Rc3 31. Rxc3 bxc3 32. Kh2 Ne6 
33. Kg3 a6 34. a4 h5 35. Bxf3 Bxf3 36. Rxf3 d5 37. b4 d4 38. Bc1 hxg4 
39. hxg4 Kg7 40. Rxf7+ Kxf7 41. b5 axb5 42. axb5 Ke7 43. Kf3 d3 44. cxd3 Nd4+ 
45. Ke4 Nb3 46. Bf4 c2 47. d4 Kd7 48. d5 c1=Q 49. Bxc1 Nxc1 50. b6 Kc8 
51. d6 Nb3 52. b7+ Kxb7 53. Kd5 g5 54. Ke6 Kc6 55. d7 Nc5+ 1/2-1/2

[Event "Sunday 28 January 2nd Tiur 7+2 Rounds 9 Starts 2200 ST"]
[Site "Infinity Chess"]
[Date "2018.1.29"]
[Round "9"]
[White "BraveDevil"]
[Black "koalachess"]
[Result "1-0"]
[ECO "C03"]
[WhiteElo "2440"]
[BlackElo "2306"]
[WhiteEngine "Cryptic AIL V2"]
[BlackEngine "asmFishW_2017-11-19_popcnt_CTG"]
[EventType "Swiss"]
[WhiteTeam ""]
[BlackTeam ""]
[PlyCount "149"]
[TimeControl "420+2"]

1. e4 e6 2. d4 d5 3. Nd2 dxe4 4. Nxe4 Nf6 5. Nxf6+ gxf6 6. Nf3 Nc6 7. Bd3 Qd6 
8. O-O b6 9. c4 Bb7 10. d5 Ne5 11. Nxe5 fxe5 12. Re1 O-O-O 13. Bg5 Be7 
14. Bxe7 Qxe7 15. Rxe5 Qb4 16. Qe2 exd5 17. a3 Qa4 18. cxd5 Bxd5 19. g3 Qc6 
20. Re1 Kb8 21. Be4 f6 22. Re7 h5 23. Bxd5 Rxd5 24. Re6 Qc5 25. h4 Rf5 
26. b4 Qd5 27. a4 Qf3 28. Qc2 Re5 29. R1xe5 fxe5 30. Re7 Rc8 31. a5 e4 
32. Rxe4 Rd8 33. Re1 Qd5 34. Rc1 Rd7 35. Qe2 Qd2 36. Qe8+ Rd8 37. Qc6 Qd7 
38. Qc4 c6 39. axb6 axb6 40. Ra1 b5 41. Qa2 Qb7 42. Qb2 Rd5 43. Qh8+ Kc7 
44. Ra8 c5 45. Kh2 cxb4 46. Rf8 Kb6 47. Rb8 Qxb8 48. Qxb8+ Kc6 49. Qc8+ Kb6 
50. Qf8 b3 51. Qf3 b2 52. Qf6+ Kc5 53. Qc3+ Kb6 54. Qxb2 Kc6 55. Qb4 Rc5 
56. Qe4+ Kd6 57. Qd4+ Rd5 58. Qb4+ Ke5 59. g4 hxg4 60. Qxg4 b4 61. h5 Rd6 
62. Qxb4 Rf6 63. Qh4 Rf4 64. Qe7+ Kd5 65. h6 Rxf2+ 66. Kg3 Rc2 67. Qf7+ Kd4 
68. h7 Rc3+ 69. Kf4 Kd3 70. h8=Q Rc4+ 71. Kf3 Rf4+ 72. Kxf4 Kd2 73. Qa2+ Kd3 
74. Qd8+ Kc3 75. Qdd2# 1-0

[Event "Sunday 28 January 2nd Tiur 7+2 Rounds 9 Starts 2200 ST"]
[Site "Infinity Chess"]
[Date "2018.1.29"]
[Round "9"]
[White "star99"]
[Black "Murx"]
[Result "1/2-1/2"]
[ECO "D44"]
[WhiteElo "2436"]
[BlackElo "2474"]
[WhiteEngine "Cryptic AIL V2"]
[BlackEngine "BrainFish_180113_x64_modern"]
[EventType "Swiss"]
[WhiteTeam ""]
[BlackTeam ""]
[PlyCount "88"]
[TimeControl "420+2"]

1. d4 d5 2. c4 e6 3. Nc3 Nf6 4. Nf3 c6 5. Bg5 h6 6. Bh4 dxc4 7. e4 g5 8. Bg3 b5 
9. Ne5 Bb7 10. h4 g4 11. Be2 Nbd7 12. Nxd7 Qxd7 13. Bxg4 b4 14. Be5 Nxg4 
15. Bxh8 bxc3 16. bxc3 h5 17. f3 Nh6 18. Qd2 f5 19. O-O O-O-O 20. Bf6 Re8 
21. Bg5 Nf7 22. exf5 Nxg5 23. hxg5 exf5 24. Rfe1 Rd8 25. Qe2 Qf7 26. Qe6+ Qxe6 
27. Rxe6 c5 28. dxc5 Kc7 29. Rf6 Bg7 30. Rf7+ Rd7 31. Rxd7+ Kxd7 32. Rd1+ Kc7 
33. Re1 Kd7 34. Rd1+ Kc7 35. Re1 Bxc3 36. Re7+ Kb8 37. Kf1 Bb4 38. Ke2 c3 
39. Kd3 Bc6 40. g6 Bb5+ 41. Kc2 Ba4+ 42. Kd3 Bb5+ 43. Kc2 Ba4+ 44. Kd3 Bb5+ 
1/2-1/2

[Event "Sunday 28 January 2nd Tiur 7+2 Rounds 9 Starts 2200 ST"]
[Site "Infinity Chess"]
[Date "2018.1.29"]
[Round "9"]
[White "MarioDeMonti"]
[Black "Dovahkiin"]
[Result "1/2-1/2"]
[ECO "C53"]
[WhiteElo "2501"]
[BlackElo "2454"]
[WhiteEngine "stockfish_x64_bmi2_2018_01_13_CTG"]
[BlackEngine "BrainFish_180113_x64_modern_CTG"]
[EventType "Swiss"]
[WhiteTeam ""]
[BlackTeam ""]
[PlyCount "101"]
[TimeControl "420+2"]

1. e4 e5 2. Nf3 Nc6 3. Bc4 Bc5 4. c3 Nf6 5. d3 d6 6. O-O a5 7. Re1 O-O 
8. Nbd2 h6 9. h3 Be6 10. a4 Bxc4 11. Nxc4 Re8 12. Be3 Bxe3 13. Nxe3 b6 
14. Qb3 Ne7 15. g3 Qc8 16. Kg2 Qb7 17. Qa2 Nd7 18. b4 axb4 19. cxb4 b5 20. a5 c5 
21. Reb1 Reb8 22. Nh4 cxb4 23. a6 Qc6 24. Nef5 Nxf5 25. Nxf5 Kf8 26. Rxb4 Ra7 
27. Qe2 Rxa6 28. Rxa6 Qxa6 29. Qg4 g6 30. Nxh6 Qc6 31. Qh4 Qc5 32. Rb3 d5 
33. Ng4 d4 34. Nf6 Nxf6 35. Qxf6 Kg8 36. Rb1 Rb6 37. Qg5 Kg7 38. Rc1 Qd6 
39. Rc8 Qf6 40. Qc1 b4 41. Qc5 g5 42. Re8 b3 43. Rxe5 b2 44. Rxg5+ Qxg5 
45. Qxg5+ Kh7 46. Qh4+ Rh6 47. Qe7 b1=Q 48. Qxf7+ Kh8 49. Qf8+ Kh7 50. Qe7+ Kg6 
51. Qe6+ 1/2-1/2

[Event "Sunday 28 January 2nd Tiur 7+2 Rounds 9 Starts 2200 ST"]
[Site "Infinity Chess"]
[Date "2018.1.29"]
[Round "9"]
[White "SkyPilot"]
[Black "Thinker"]
[Result "1/2-1/2 "]
[ECO "C53"]
[WhiteElo "2465"]
[BlackElo "2526"]
[WhiteEngine "stockfish_x64_bmi2_2018_01_13_CTG"]
[BlackEngine "BrainFish_180124_x64_modern_CTG"]
[EventType "Swiss"]
[WhiteTeam ""]
[BlackTeam ""]
[PlyCount "171"]
[TimeControl "420+2"]

1. e4 e5 2. Nf3 Nc6 3. Bc4 Bc5 4. c3 Nf6 5. d3 O-O 6. O-O d6 7. h3 a6 8. Re1 Ba7 
9. a4 h6 10. Nbd2 Re8 11. b4 Be6 12. Bxe6 Rxe6 13. Nf1 d5 14. Qc2 Qd6 15. Be3 d4 
16. cxd4 Bxd4 17. Bxd4 Nxd4 18. Nxd4 Qxd4 19. Qxc7 Qxd3 20. Rad1 Qb3 
21. Qxb7 Ree8 22. a5 Reb8 23. Qc7 Qxb4 24. Qxe5 Rb5 25. Qd4 Qxd4 26. Rxd4 Rxa5 
27. Red1 g6 28. Ne3 Rc8 29. g4 Kg7 30. Kg2 Rc3 31. R1d2 Rac5 32. Ra2 a5 
33. h4 Rb3 34. Rda4 Re5 35. Rxa5 Rxe4 36. R5a4 Re5 37. R4a3 Rbb5 38. Ra4 Re6 
39. R4a3 Rd6 40. Kf3 h5 41. g5 Nd7 42. Ra4 Rd3 43. Re4 Ne5+ 44. Kg2 Nc6 
45. Rc4 Ra5 46. Rxa5 Nxa5 47. Rc8 Nb3 48. Ra8 Nc5 49. Ra7 Rd4 50. Ra5 Ne4 
51. Kf3 Nd2+ 52. Kg3 Rb4 53. f3 Nb3 54. Ra7 Nd4 55. Ra8 Rb5 56. f4 Rb3 
57. Kf2 Rb2+ 58. Kg3 Rd2 59. Re8 Re2 60. Re7 Kf8 61. Re5 Ra2 62. f5 Nxf5+ 
63. Nxf5 gxf5 64. Rxf5 Ra3+ 65. Kf2 Ra2+ 66. Ke3 Ra3+ 67. Kd2 Ra4 68. Kd3 Kg7 
69. Ke3 Rxh4 70. Kf2 Rh3 71. Rd5 Kg6 72. Ra5 h4 73. Ra6+ Kxg5 74. Kg2 Rg3+ 
75. Kf2 Rb3 76. Ra7 f5 77. Kg2 h3+ 78. Kh2 f4 79. Ra6 Rc3 80. Ra7 Rb3 
81. Ra6 Rg3 82. Rb6 Rf3 83. Ra6 Re3 84. Rb6 Kh5 85. Rf6 Kg5 86. Rf7 1/2-1/2

[Event "Sunday 28 January 2nd Tiur 7+2 Rounds 9 Starts 2200 ST"]
[Site "Infinity Chess"]
[Date "2018.1.29"]
[Round "9"]
[White "Eman"]
[Black "RonWeasley"]
[Result "1/2-1/2"]
[ECO "C11"]
[WhiteElo "2506"]
[BlackElo "2531"]
[WhiteEngine "Eman 1.68c 64-bit POPCNT"]
[BlackEngine "BrainFish 060118_CTG"]
[EventType "Swiss"]
[WhiteTeam ""]
[BlackTeam ""]
[PlyCount "100"]
[TimeControl "420+2"]

1. e4 e6 2. d4 d5 3. Nc3 Nf6 4. e5 Nfd7 5. f4 c5 6. Nf3 Nc6 7. Be3 cxd4 
8. Nxd4 Qb6 9. Qd2 Qxb2 10. Rb1 Qa3 11. Bb5 Nxd4 12. Bxd4 a6 13. Bxd7+ Bxd7 
14. Rb3 Qe7 15. Rxb7 Rc8 16. O-O Qd8 17. Qf2 Rxc3 18. Bxc3 Qc8 19. Rb3 Ba4 
20. Bd4 Bxb3 21. axb3 Be7 22. c3 O-O 23. b4 Qc6 24. Ra1 Bd8 25. h4 Bc7 26. h5 h6 
27. g4 a5 28. g5 axb4 29. gxh6 gxh6 30. Kh1 Kh8 31. Rg1 Rg8 32. Rxg8+ Kxg8 
33. Qg1+ Kf8 34. Bc5+ Ke8 35. Qg8+ Kd7 36. Qxf7+ Kc8 37. cxb4 d4+ 38. Kg1 d3 
39. Kf2 d2 40. Ke2 d1=Q+ 41. Kxd1 Qd5+ 42. Kc1 Qc4+ 43. Kb1 Qd3+ 44. Ka1 Qa6+ 
45. Kb2 Qe2+ 46. Ka1 Qa6+ 47. Kb1 Qd3+ 48. Ka1 Qf1+ 49. Ka2 Qa6+ 50. Kb1 Qd3+ 
1/2-1/2

[Event "Sunday 28 January 2nd Tiur 7+2 Rounds 9 Starts 2200 ST"]
[Site "Infinity Chess"]
[Date "2018.1.29"]
[Round "9"]
[White "KULLANI"]
[Black "KhalidOmar"]
[Result "1/2-1/2"]
[ECO "C55"]
[WhiteElo "2467"]
[BlackElo "2549"]
[WhiteEngine "BrainFish_180124_x64_CTG"]
[BlackEngine "Eman 1.68c 64-bit BMI2"]
[EventType "Swiss"]
[WhiteTeam ""]
[BlackTeam ""]
[PlyCount "123"]
[TimeControl "420+2"]

1. e4 e5 2. Nf3 Nc6 3. Bc4 Nf6 4. d3 Bc5 5. c3 a5 6. Bg5 h6 7. Bh4 g5 8. Bg3 d6 
9. O-O O-O 10. Nbd2 Kg7 11. a3 Ba7 12. Re1 Nh7 13. d4 g4 14. Nh4 exd4 
15. Nf5+ Bxf5 16. exf5 h5 17. Bd3 Ne5 18. Bxe5+ dxe5 19. c4 Nf6 20. Rxe5 c5 
21. Re2 Re8 22. Ne4 Nxe4 23. Bxe4 Bb8 24. g3 Bc7 25. Bxb7 Rxe2 26. Qxe2 d3 
27. Qd1 Rb8 28. Bd5 Rxb2 29. Rb1 Rxb1 30. Qxb1 d2 31. Qb2+ Qf6 32. Qxd2 Qxf5 
33. Kg2 Qf6 34. Qe2 Be5 35. h3 gxh3+ 36. Kxh3 Bd4 37. f4 Qg6 38. Bf3 Qf5+ 
39. Kg2 Qb1 40. Be4 Qg1+ 41. Kh3 a4 42. Qxh5 Qf1+ 43. Bg2 Qxc4 44. Qg5+ Kf8 
45. Qd8+ Kg7 46. Qg5+ Kf8 47. Qf5 Qe6 48. Qxe6 fxe6 49. Bc6 Bb2 50. Bxa4 Bxa3 
51. Bb3 Kf7 52. g4 c4 53. Bxc4 Bd6 54. Kg3 Kg6 55. Bxe6 Bb4 56. Bf5+ Kg7 
57. g5 Bd6 58. Be4 Be7 59. Bd3 Ba3 60. Be2 Bd6 61. Bd3 Ba3 62. Kg4 1/2-1/2

[Event "Sunday 28 January 2nd Tiur 7+2 Rounds 9 Starts 2200 ST"]
[Site "Infinity Chess"]
[Date "2018.1.29"]
[Round "9"]
[White "incredible"]
[Black "Tiger"]
[Result "1/2-1/2"]
[ECO "D30"]
[WhiteElo "2499"]
[BlackElo "2462"]
[WhiteEngine "stockfish_18012814_x64_bmi2"]
[BlackEngine "BrainFish_180124_x64_bmi2"]
[EventType "Swiss"]
[WhiteTeam ""]
[BlackTeam ""]
[PlyCount "104"]
[TimeControl "420+2"]

1. d4 d5 2. c4 e6 3. Nf3 Nf6 4. Nc3 c6 5. Bg5 h6 6. Bxf6 Qxf6 7. e3 g6 
8. Bd3 Nd7 9. e4 dxe4 10. Nxe4 Qg7 11. O-O Be7 12. c5 O-O 13. Qb3 e5 
14. Nxe5 Nxe5 15. dxe5 Qxe5 16. Rfe1 Bxc5 17. Nxc5 Qxc5 18. Bxg6 Be6 19. Qg3 Qg5 
20. Qc3 Qxg6 21. Re3 h5 22. Rg3 Bg4 23. h3 f5 24. hxg4 fxg4 25. f3 Rae8 
26. fxg4 h4 27. Rd3 Re2 28. Re3 Rxe3 29. Qxe3 Qxg4 30. Re1 h3 31. Qb3+ Rf7 
32. Re8+ Kg7 33. Qc3+ Rf6 34. Re7+ Kg8 35. Qxh3 Qd4+ 36. Qe3 Qxe3+ 37. Rxe3 Rf7 
38. Ra3 a6 39. Rg3+ Kh7 40. Rd3 Kg6 41. Rg3+ Kh5 42. a3 c5 43. Re3 Kg4 44. a4 a5 
45. Rb3 Rd7 46. Rb5 b6 47. Rxb6 Rd1+ 48. Kf2 Rd4 49. b3 c4 50. bxc4 Rxc4 
51. g3 Rc2+ 52. Kf1 Kxg3 1/2-1/2

[Event "Sunday 28 January 2nd Tiur 7+2 Rounds 9 Starts 2200 ST"]
[Site "Infinity Chess"]
[Date "2018.1.29"]
[Round "8"]
[White "koalachess"]
[Black "MCDermont"]
[Result "1/2-1/2"]
[ECO "C11"]
[WhiteElo "2297"]
[BlackElo "2519"]
[WhiteEngine "asmFishW_2017-11-19_popcnt_CTG"]
[BlackEngine "BrainFish 060118_CTG"]
[EventType "Swiss"]
[WhiteTeam ""]
[BlackTeam ""]
[PlyCount "26"]
[TimeControl "420+2"]

1. e4 e6 2. d4 d5 3. Nc3 Nf6 4. e5 Nfd7 5. f4 c5 6. Nf3 Nc6 7. Be3 cxd4 
8. Nxd4 Qb6 9. Be2 Bc5 10. Na4 Qa5+ 11. Nc3 Qb6 12. Na4 Qa5+ 13. Nc3 Qb6 1/2-1/2

[Event "Sunday 28 January 2nd Tiur 7+2 Rounds 9 Starts 2200 ST"]
[Site "Infinity Chess"]
[Date "2018.1.29"]
[Round "8"]
[White "Murx"]
[Black "BraveDevil"]
[Result "1/2-1/2"]
[ECO "A21"]
[WhiteElo "2476"]
[BlackElo "2438"]
[WhiteEngine "BrainFish_180113_x64_modern"]
[BlackEngine "Cryptic AIL V2"]
[EventType "Swiss"]
[WhiteTeam ""]
[BlackTeam ""]
[PlyCount "71"]
[TimeControl "420+2"]

1. c4 e5 2. Nc3 Bb4 3. Nd5 Be7 4. d4 exd4 5. Nf3 Nf6 6. Nxd4 Nxd5 7. cxd5 O-O 
8. g3 Bf6 9. Nb5 c5 10. Qc2 d6 11. Bg2 Na6 12. O-O Nc7 13. Nc3 Re8 14. Bf4 b5 
15. Ne4 Be7 16. a4 Bf5 17. axb5 Nxb5 18. Qd1 Bf6 19. Nxf6+ Qxf6 20. Ra2 a5 
21. Re1 h6 22. e4 Bd7 23. Bd2 Qd4 24. Bxa5 Qxd1 25. Rxd1 Nd4 26. b4 Bg4 
27. Rda1 cxb4 28. Bxb4 Rxa2 29. Rxa2 Nf3+ 30. Kh1 Rxe4 31. Bc3 Rc4 32. Ra3 Ng5 
33. Kg1 Nf3+ 34. Kh1 Ng5 35. Kg1 Nf3+ 36. Kh1 1/2-1/2

[Event "Sunday 28 January 2nd Tiur 7+2 Rounds 9 Starts 2200 ST"]
[Site "Infinity Chess"]
[Date "2018.1.29"]
[Round "8"]
[White "Dovahkiin"]
[Black "SkyPilot"]
[Result "1/2-1/2"]
[ECO "B23"]
[WhiteElo "2453"]
[BlackElo "2466"]
[WhiteEngine "BrainFish_180113_x64_modern_CTG"]
[BlackEngine "stockfish_x64_bmi2_2018_01_13_CTG"]
[EventType "Swiss"]
[WhiteTeam ""]
[BlackTeam ""]
[PlyCount "166"]
[TimeControl "420+2"]

1. e4 c5 2. Nc3 a6 3. Nge2 d6 4. g3 e5 5. Nd5 Ne7 6. Nec3 Nxd5 7. Nxd5 Be6 
8. Bg2 Be7 9. Ne3 h5 10. h4 g6 11. d3 Bf6 12. a4 Bg7 13. Nd5 O-O 14. O-O Kh7 
15. Rb1 a5 16. b3 Bxd5 17. exd5 Bh6 18. Bxh6 Kxh6 19. Qd2+ Kh7 20. f4 f5 
21. fxe5 dxe5 22. c4 Nd7 23. Rbe1 Qb6 24. Qc3 Rae8 25. Bh3 Qd6 26. Qd2 b6 
27. Qg5 Qe7 28. Qe3 Nf6 29. Re2 Ng8 30. Qg5 Qd7 31. Qc1 Nh6 32. Qg5 Qe7 
33. Qxe7+ Rxe7 34. Rfe1 Nf7 35. Kf2 Kg7 36. Ke3 Rfe8 37. Bg2 Rg8 38. Kf2 Rf8 
39. Ke3 Nd6 40. Kf2 Nf7 41. Kf3 Rg8 42. Rh1 Nd6 43. Rhe1 Kf6 44. Kf2 Rd8 
45. Ke3 Rg8 46. Kf2 Rd8 47. Rh1 Rde8 48. Rhe1 Rd7 49. Ke3 Rde7 50. Kf2 Kg7 
51. Kf3 Nf7 52. Ke3 Kf6 53. Kf2 Rh8 54. Bf3 Rd8 55. Bg2 Ree8 56. Bf3 Rg8 
57. Ke3 Nd6 58. Kf2 Rge8 59. Bg2 Nf7 60. Bf3 Rh8 61. Ke3 Rc8 62. Kf2 Rce8 
63. Rf1 Nd6 64. Rh1 Rhf8 65. Bg2 Kf7 66. Rhe1 Kf6 67. Kf3 Re7 68. Kf2 Ree8 
69. Ke3 Rg8 70. Kf2 Nf7 71. Bf3 Re7 72. Rh1 Ree8 73. Rf1 Rh8 74. Ree1 Nd6 
75. Ke2 Re7 76. Kd2 Reh7 77. Rh1 Rb8 78. Ref1 Rf7 79. Re1 Re7 80. Bg2 Rg8 
81. Bf3 Rgg7 82. Ref1 Rd7 83. Be4 Rde7 1/2-1/2

[Event "Sunday 28 January 2nd Tiur 7+2 Rounds 9 Starts 2200 ST"]
[Site "Infinity Chess"]
[Date "2018.1.29"]
[Round "8"]
[White "Thinker"]
[Black "MarioDeMonti"]
[Result "1/2-1/2"]
[ECO "C50"]
[WhiteElo "2527"]
[BlackElo "2500"]
[WhiteEngine "BrainFish_180124_x64_modern_CTG"]
[BlackEngine "stockfish_x64_bmi2_2018_01_13_CTG"]
[EventType "Swiss"]
[WhiteTeam ""]
[BlackTeam ""]
[PlyCount "113"]
[TimeControl "420+2"]

1. e4 e5 2. Nf3 Nc6 3. Bc4 Bc5 4. O-O Nf6 5. d3 d6 6. c3 O-O 7. Bg5 h6 8. Bh4 g5 
9. Bg3 a5 10. a4 Kg7 11. Nbd2 Ba7 12. Re1 Ng8 13. h3 h5 14. d4 Nh6 15. Nf1 g4 
16. hxg4 hxg4 17. Nh4 exd4 18. Bd5 Qg5 19. Rc1 d3 20. Qxd3 Ne5 21. Qe2 Ng8 
22. Ne3 Ne7 23. Bxe5+ dxe5 24. g3 Nxd5 25. Nxd5 c6 26. Ne3 Bxe3 27. fxe3 Rd8 
28. c4 Be6 29. Red1 b6 30. Rf1 Kg8 31. Rfd1 Rac8 32. b3 Kf8 33. Rf1 Rb8 
34. c5 Kg8 35. Nf5 b5 36. Rce1 bxa4 37. bxa4 Rf8 38. Qh2 Rb7 39. Qh1 Rfb8 
40. Nh6+ Kg7 41. Nf5+ Bxf5 42. exf5 Rb4 43. Qxc6 Rh8 44. Qd5 Rh3 45. Qxe5+ Kh7 
46. Rf2 Qh5 47. Kf1 Rxa4 48. Qd5 Rxg3 49. Ke2 Ra3 50. Kd2 Rf3 51. Rxf3 gxf3 
52. Rh1 Qxh1 53. Qxf7+ Kh8 54. Qf8+ Kh7 55. Qf7+ Kh8 56. Qf8+ Kh7 57. Qf7+ 
1/2-1/2

[Event "Sunday 28 January 2nd Tiur 7+2 Rounds 9 Starts 2200 ST"]
[Site "Infinity Chess"]
[Date "2018.1.29"]
[Round "8"]
[White "RonWeasley"]
[Black "KULLANI"]
[Result "1/2-1/2"]
[ECO "C53"]
[WhiteElo "2534"]
[BlackElo "2464"]
[WhiteEngine "BrainFish 060118_CTG"]
[BlackEngine "BrainFish_180124_x64_CTG"]
[EventType "Swiss"]
[WhiteTeam ""]
[BlackTeam ""]
[PlyCount "117"]
[TimeControl "420+2"]

1. e4 e5 2. Nf3 Nc6 3. Bc4 Bc5 4. c3 Nf6 5. d3 d6 6. Bb3 O-O 7. O-O a5 8. Bg5 h6 
9. Bh4 g5 10. Bg3 g4 11. Nh4 Nh5 12. a4 Qg5 13. Na3 Kh8 14. Kh1 Bd7 15. Rb1 Bb6 
16. Bc2 Rad8 17. Nc4 Ba7 18. Qe2 Be6 19. Rbe1 Bc5 20. Rd1 d5 21. exd5 Bxd5 
22. Rfe1 Nf4 23. Qf1 Nh5 24. Qe2 Nf4 25. Qf1 Nh5 26. Nxe5 Nxg3+ 27. fxg3 Nxe5 
28. d4 Bc4 29. Qf5 Qxf5 30. Nxf5 Bxd4 31. Rxd4 Rxd4 32. Nxd4 f6 33. b3 Bf7 
34. Kg1 Rd8 35. Rd1 b6 36. Nb5 Rxd1+ 37. Bxd1 c5 38. Kf2 Kg7 39. Nd6 Be6 
40. Ke3 f5 41. h3 Bd7 42. hxg4 fxg4 43. Bc2 Kf6 44. Ne4+ Ke6 45. Nd2 c4 
46. b4 Bc6 47. Ne4 h5 48. b5 Bb7 49. Kd4 Nd7 50. Ng5+ Kf6 51. Ne4+ Ke6 
52. Bd1 Bxe4 53. Kxe4 Nc5+ 54. Kd4 Kd6 55. Bc2 Nb3+ 56. Ke4 Nc5+ 57. Kd4 Nb3+ 
58. Ke4 Nc5+ 59. Kd4 1/2-1/2

[Event "Sunday 28 January 2nd Tiur 7+2 Rounds 9 Starts 2200 ST"]
[Site "Infinity Chess"]
[Date "2018.1.29"]
[Round "8"]
[White "KhalidOmar"]
[Black "Tiger"]
[Result "1/2-1/2"]
[ECO "D31"]
[WhiteElo "2553"]
[BlackElo "2458"]
[WhiteEngine "Eman 1.68c 64-bit BMI2"]
[BlackEngine "BrainFish_180124_x64_bmi2"]
[EventType "Swiss"]
[WhiteTeam ""]
[BlackTeam ""]
[PlyCount "116"]
[TimeControl "420+2"]

1. d4 d5 2. c4 e6 3. Nc3 c6 4. e3 Nf6 5. Qc2 Nbd7 6. Nf3 Bd6 7. Bd3 O-O 
8. O-O dxc4 9. Bxc4 a6 10. Rd1 b5 11. Bd3 Bb7 12. Ng5 h6 13. Nge4 Bc7 14. a3 Qe7 
15. b4 a5 16. Bd2 e5 17. Rac1 exd4 18. exd4 axb4 19. axb4 Ng4 20. Be2 Bxh2+ 
21. Kh1 f5 22. Bxg4 Bb8 23. Bh3 fxe4 24. Qxe4 Qxe4 25. Nxe4 Nf6 26. Nxf6+ Rxf6 
27. Kg1 Ba7 28. Ra1 Bxd4 29. Rxa8+ Bxa8 30. Be3 c5 31. Bxd4 cxd4 32. Rxd4 Bc6 
33. Kf1 Kf8 34. Ke1 Rf7 35. Rd6 Be8 36. Rd4 Ra7 37. Rf4+ Ke7 38. Re4+ Kf7 
39. Be6+ Kf6 40. Bb3 Re7 41. Rxe7 Kxe7 42. f3 Kf6 43. Kd2 h5 44. Ke2 h4 
45. Kd2 g5 46. Ke2 Bg6 47. Kf2 Ke5 48. Ke3 Bf5 49. Bd1 Be6 50. Be2 Bd7 
51. Bd3 Bc6 52. Bf1 Kd6 53. Bd3 Ke5 54. Bb1 g4 55. fxg4 Bxg2 56. Bd3 h3 
57. Kf2 Kf4 58. Bxb5 Kxg4 1/2-1/2

[Event "Sunday 28 January 2nd Tiur 7+2 Rounds 9 Starts 2200 ST"]
[Site "Infinity Chess"]
[Date "2018.1.29"]
[Round "8"]
[White "Eman"]
[Black "incredible"]
[Result "1/2-1/2"]
[ECO "A46"]
[WhiteElo "2506"]
[BlackElo "2499"]
[WhiteEngine "Eman 1.68c 64-bit POPCNT"]
[BlackEngine "stockfish_18012814_x64_bmi2"]
[EventType "Swiss"]
[WhiteTeam ""]
[BlackTeam ""]
[PlyCount "152"]
[TimeControl "420+2"]

1. d4 Nf6 2. Nf3 d6 3. c4 Bg4 4. Nc3 Nbd7 5. g3 c6 6. Bg2 e6 7. e4 Be7 
8. O-O O-O 9. Qb3 e5 10. Be3 Qb8 11. a4 a5 12. d5 Nc5 13. Bxc5 dxc5 14. Ne1 Bd7 
15. Nc2 Re8 16. Rae1 Qc7 17. Ne3 Rad8 18. Qc2 Bd6 19. Rd1 g6 20. Rd3 h5 
21. f3 Bc8 22. Qf2 Bf8 23. f4 Rd6 24. f5 Bh6 25. Rdd1 Qd8 26. Qe2 Bg5 
27. Rf3 Kg7 28. Bh3 Rh8 29. Ng2 Bd7 30. Rdf1 Bh6 31. Ne3 Bg5 32. Ng2 cxd5 
33. Nxd5 Bxa4 34. fxg6 fxg6 35. Ne1 b6 36. b3 Bc6 37. Nd3 Re8 38. Bg2 Nd7 
39. h4 Bh6 40. Rf7+ Kg8 41. Bh3 Bg7 42. Qb2 Bh8 43. Qf2 Bg7 44. Rxg7+ Kxg7 
45. Qf7+ Kh6 46. Bxd7 Rxd7 47. Nxe5 Rxf7 48. Nxf7+ Kg7 49. Nxd8 Rxd8 50. Nc7 Rc8 
51. Ne6+ Kg8 52. Rf6 Bxe4 53. Ng5 Bc2 54. Rxb6 Kf8 55. Kf2 Ke7 56. Nf3 Kd7 
57. Ne1 Rf8+ 58. Ke3 Re8+ 59. Kf2 Rf8+ 60. Ke3 Re8+ 61. Kd2 Be4 62. Rb5 Kc6 
63. Rxa5 Kb6 64. b4 cxb4 65. Rb5+ Kc6 66. Rxb4 Rd8+ 67. Ke2 Kc5 68. Ra4 Bc6 
69. Ra6 Rd6 70. Nd3+ Kxc4 71. Ne5+ Kd5 72. Nxc6 Rxc6 73. Rxc6 Kxc6 74. Kf3 Kd5 
75. Kf4 Ke6 76. Kf3 Kf5 1/2-1/2

[Event "Sunday 28 January 2nd Tiur 7+2 Rounds 9 Starts 2200 ST"]
[Site "Infinity Chess"]
[Date "2018.1.29"]
[Round "7"]
[White "star99"]
[Black "koalachess"]
[Result "1/2-1/2"]
[ECO "A46"]
[WhiteElo "2442"]
[BlackElo "2291"]
[WhiteEngine "Cryptic AIL V2"]
[BlackEngine "asmFishW_2017-11-19_popcnt_CTG"]
[EventType "Swiss"]
[WhiteTeam ""]
[BlackTeam ""]
[PlyCount "64"]
[TimeControl "420+2"]

1. d4 Nf6 2. Nf3 d5 3. c4 e6 4. Nc3 Bb4 5. cxd5 exd5 6. Bg5 Nbd7 7. e3 c5 
8. Be2 Qa5 9. O-O Bxc3 10. bxc3 c4 11. Qc2 Ne4 12. Rac1 Nb6 13. Bf4 O-O 
14. Nh4 Na4 15. Bxc4 dxc4 16. Qxe4 Nxc3 17. Qc2 Nd5 18. Qxc4 b6 19. Rfe1 Be6 
20. Qd3 g5 21. Bd6 gxh4 22. e4 Rfe8 23. exd5 Bf5 24. Qd1 Qxd5 25. Qh5 Qxd6 
26. Qxf5 Qxd4 27. Qg5+ Kh8 28. Red1 Qe4 29. Qf6+ Kg8 30. Qg5+ Kh8 31. Qf6+ Kg8 
32. Qg5+ Kh8 1/2-1/2

[Event "Sunday 28 January 2nd Tiur 7+2 Rounds 9 Starts 2200 ST"]
[Site "Infinity Chess"]
[Date "2018.1.29"]
[Round "7"]
[White "MCDermont"]
[Black "SkyPilot"]
[Result "1/2-1/2"]
[ECO "C53"]
[WhiteElo "2521"]
[BlackElo "2464"]
[WhiteEngine "BrainFish 060118_CTG"]
[BlackEngine "stockfish_x64_bmi2_2018_01_13_CTG"]
[EventType "Swiss"]
[WhiteTeam ""]
[BlackTeam ""]
[PlyCount "129"]
[TimeControl "420+2"]

1. e4 e5 2. Nf3 Nc6 3. Bc4 Bc5 4. c3 Nf6 5. d3 d6 6. Bb3 h6 7. O-O O-O 
8. Nbd2 a6 9. h3 Ba7 10. Re1 Re8 11. Nf1 Be6 12. Be3 Bxe3 13. Nxe3 Qd7 
14. Nh4 Ne7 15. a4 Rad8 16. Qc2 Bxb3 17. Qxb3 c6 18. Rad1 d5 19. Qc2 Qc7 
20. b4 b5 21. Nef5 Nxf5 22. Nxf5 Kh7 23. c4 g6 24. Ne3 bxc4 25. exd5 cxd5 
26. dxc4 Kg7 27. cxd5 Qxc2 28. Nxc2 Nxd5 29. Rd3 e4 30. Rb3 Nb6 31. a5 Nc4 
32. Ne3 Nxe3 33. fxe3 Rd2 34. Rbb1 Re6 35. Red1 Re2 36. Re1 Ra2 37. Rf1 Ra3 
38. Ra1 Rxe3 39. b5 axb5 40. a6 Re8 41. a7 Ra8 42. Rfb1 Rc3 43. Rxb5 Rc7 
44. Rba5 f5 45. Kf2 f4 46. R1a2 Kf6 47. g3 g5 48. gxf4 gxf4 49. h4 Rd7 
50. h5 Rd6 51. Rb5 Rd7 52. Ra6+ Kg7 53. Rba5 Rd2+ 54. Ke1 e3 55. Rf5 Rd7 
56. Rxf4 Rdxa7 57. Raf6 Rb8 58. Rg6+ Kh7 59. Rff6 Rb1+ 60. Ke2 Re7 61. Rxh6+ Kg8 
62. Rhg6+ Rg7 63. Kxe3 Rb2 64. Rxg7+ Kxg7 65. Rf3 1/2-1/2